 Dungeon Crawl Stone Soup version 0.21.1-1-g345015f (webtiles) character file.

129 diana the Sneak (level 5, 0/30 HPs)
             Began as a Kobold Enchanter on June 23, 2018.
             Slain by an orc
             ... wielding a +0 club
              (6 damage)
             ... on level 3 of the Dungeon.
             The game lasted 00:08:19 (5244 turns).

diana the Sneak (Kobold Enchanter)                  Turns: 5244, Time: 00:08:20

Health: 0/30       AC:  3    Str:  7    XL:     5   Next: 35%
Magic:  6/8        EV: 15    Int: 16    God:
Gold:   150        SH:  0    Dex: 15    Spells: 3/9 levels left

rFire    . . .     SeeInvis .   a - +1 dagger
rCold    . . .     Gourm    .   (shield restricted)
rNeg     . . .     Faith    .   b - +0 robe
rPois    .         Spirit   .   (no helmet)
rElec    .         Reflect  .   (no cloak)
rCorr    .         Harm     .   (no gloves)
MR       .....                  j - +0 pair of boots (curse)
Stlth    +++.......             (no amulet)
HPRegen  0.10/turn              (no ring)
MPRegen  0.11/turn              (no ring)

@: starving
A: small, carnivore
a: no special abilities


You were on level 3 of the Dungeon.
You were starving.

You visited 1 branch of the dungeon, and saw 3 of its levels.

You collected 150 gold pieces.

Inventory:

Hand Weapons
 a - a +1 dagger (weapon)
Armour
 b - a +0 robe (worn)
 j - a cursed +0 pair of boots (worn)
Magical Staves
 m - an uncursed staff of fire
Jewellery
 n - an uncursed amulet of harm {unknown}
Scrolls
 f - a scroll of teleportation {unknown}
 h - 2 scrolls of identify {unknown}
 k - 2 scrolls of remove curse {unknown}
 p - a scroll of blinking {unknown}
Potions
 e - a potion of flight {unknown}
 g - a potion of curing {unknown}
 i - a potion of haste {unknown}
 l - a potion of cancellation {unknown}
 o - a potion of berserk rage {unknown}
Books
 c - a book of Maledictions

   Spells                             Type                      Level
   a - Corona                         Hexes                        1
   b - Ensorcelled Hibernation        Hexes/Ice                    2
   c - Confuse                        Hexes                        3
   d - Tukima's Dance                 Hexes                        3
   e - Dazzling Spray                 Conjuration/Hexes            3
Comestibles
 d - 2 rations


   Skills:
 * Level 2.1 Fighting
 * Level 3.1 Short Blades
 - Level 2.9 Dodging
 * Level 5.1 Stealth
 + Level 2.6 Spellcasting
 + Level 3.3 Hexes
 + Level 0.6 Ice Magic


You had 3 spell levels left.
You knew the following spells:

 Your Spells              Type           Power        Failure   Level  Hunger
a - Corona                Hex            ##.....      4%          1    #......
b - Ensorcelled Hibernat  Hex/Ice        #.....       13%         2    ##.....
c - Confuse               Hex            ##......     14%         3    ###....


Dungeon Overview and Level Annotations

Branches:
Dungeon (3/15)

Altars:
Ru

Annotations:
D:3 iamserjio's ghost, weakling GnSk


Innate Abilities, Weirdness & Mutations

You are small and have problems with some larger weapons.
You are carnivorous and can eat meat at any time.


Message History

The orc resists with significant effort.
You are starving!
The orc misses you.
You don't have the energy to cast that spell.
Unknown command.
You don't have the energy to cast that spell.
Okay, then.
You hit the orc but do no damage. The orc hits you with a club.
You hit the orc but do no damage. The orc hits you with a club.
You hit the orc but do no damage. The orc hits you with a whip.
* * * LOW HITPOINT WARNING * * *
The orc misses you.
You closely miss the orc. The orc misses you.
You closely miss the orc. The orc closely misses you.
The orc hits you with a whip.
* * * LOW HITPOINT WARNING * * *
You hit the orc.
The orc is lightly wounded.
The orc barely misses you. The orc hits you with a club.
You die...

.... ... ........ #....
#.# #####.....
#....##.#####........<..
..............#####.....
.......<....# ##.....
....##.).##.#### #......
....###..##..>.........?
...............###......
.......@.......##.......
......oo.......#........
........>...............
.%......................
.......?................
#...............
?...............
#..........#....


You could see 2 orcs.

Vanquished Creatures
  4 adders (D:2)
  An ooze (D:2)
  2 worms (D:2)
  2 dart slugs (D:1)
  5 leopard geckos
  5 orcs
  A ball python (D:3)
  3 giant cockroaches
  6 goblins
  9 hobgoblins
  4 jackals (D:2)
  4 kobolds
  10 bats
  4 frilled lizards
  7 rats
67 creatures vanquished.

Notes
Turn   | Place    | Note
-------+----------+-------------------------------------------
     0 | D:1      | diana the Kobold Enchanter began the quest for the Orb.
     0 | D:1      | Reached XP level 1. HP: 10/10 MP: 3/3
   230 | D:1      | Reached XP level 2. HP: 7/16 MP: 0/5
  1277 | D:1      | Reached XP level 3. HP: 20/20 MP: 6/6
  1291 | D:1      | Reached skill level 1 in Fighting
  2162 | D:2      | Learned a level 2 spell: Ensorcelled Hibernation
  2581 | D:2      | Reached XP level 4. HP: 12/25 MP: 7/7
  2870 | D:2      | Found a sacrificial altar of Ru.
  3659 | D:3      | Noticed iamserjio's ghost (weakling GnSk)
  3849 | D:2      | Reached skill level 5 in Stealth
  3849 | D:2      | Reached XP level 5. HP: 16/30 MP: 5/8
  4511 | D:3      | Learned a level 3 spell: Confuse
  5244 | D:3      | Slain by an orc

Skill      XL: |  1  2  3  4  5 |
---------------+----------------+-----
Short Blades   | 2 3 |  3.1
Fighting       | 1 2 |  2.1
Stealth        | 5 |  5.1
Dodging        | |  2.9
Spellcasting   | |  2.6
Hexes          | |  3.3
Ice Magic      | |  0.6

Action                   |  1- 3 |  4- 6 || total
-------------------------+-------+-------++-------
Melee: Dagger            |   175 |   195 ||   370
 Cast: Corona            |     9 |    11 ||    20
       Ensorcelled Hiber |     2 |    11 ||    13
 Stab: Sleeping          |    13 |    10 ||    23
  Eat: Chunk             |     3 |     6 ||     9
       Ration            |     1 |     1 ||     2
Armor: Robe              |    43 |    34 ||    77
Dodge: Dodged            |   150 |   179 ||   329
